 Dungeon Crawl Stone Soup version 0.17.2 (webtiles) character file.

11922 ololoev the Basher (level 11, -8/75 HPs)
             Began as a Mummy Chaos Knight on May 30, 2016.
             Mangled by a red ugly thing (27 damage)
             ... on level 11 of the Dungeon on May 31, 2016.
             The game lasted 00:32:31 (13114 turns).

ololoev the Basher (Mummy Chaos Knight)            Turns: 13114, Time: 00:32:31

Health: -8/75      AC: 26    Str: 19    XL:     11   Next: 55%
Magic:  11/11      EV:  4    Int: 11    God:    Xom [......]
Gold:   1189       SH: 18    Dex: 12    Spells: 1 memorised, 9 levels left

rFire  x . .     SeeInvis +     a - +2 flail (drain)
rCold  + . .     Clarity  .     u - +5 chain mail of Ecay {rPois}
rNeg   + + +     SustAt   .     g - +2 large shield {AC+3}
rPois  ∞         Gourm    .     B - +2 helmet
rElec  .         Spirit   .     c - +2 cloak {+Inv}
rCorr  .         Warding  .     k - +0 pair of gloves
rMut   .         Stasis   .     (no boots)
MR     ++...                    y - amulet of faith
Stlth  ..........               l - ring of protection from magic
                                m - ring of see invisible

@: very resistant to hostile enchantments, extremely unstealthy
A: no food or potions, fire vulnerability, cold resistance 1, negative energy
resistance 3, torment resistance, unbreathing
a: Renounce Religion, Evoke Invisibility


Innate Abilities, Weirdness & Mutations

You do not eat or drink.
Your flesh is vulnerable to fire.
You are immune to poison.
Your flesh is cold resistant.
You are immune to negative energy.
You are immune to unholy pain and torment.
You can survive without breathing.

Inventory:

Hand Weapons
 a - a +2 flail of draining (weapon)
 b - a -1 blowgun
Missiles
 r - 3 poisoned needles
Armour
 c - a +2 cloak of invisibility (worn)
 g - a +2 large shield of protection (worn)
 k - a +0 pair of gloves (worn)
 u - the +5 chain mail of Ecay (worn) {rPois}
   (You found it on level 8 of the Dungeon)

   It protects you from poison.
 B - a +2 helmet (worn)
Jewellery
 l - a ring of protection from magic (right hand)
 m - a ring of see invisible (left hand)
 y - an amulet of faith (around neck)
Wands
 o - a wand of confusion (37)
 q - a wand of disintegration (12)
 s - a wand of paralysis (8)
 t - a wand of heal wounds (7)
 w - a wand of lightning (9)
 C - a wand of draining (7)
Scrolls
 d - a scroll of brand weapon {unknown}
 e - 3 scrolls of teleportation
 f - a scroll of enchant armour
 h - 6 scrolls of remove curse
 j - a scroll of amnesia
 n - a scroll of magic mapping
 p - a scroll of fear {unknown}
 v - a scroll of enchant weapon {unknown}
 x - a scroll of fog
 z - a scroll of blinking {unknown}
 A - a scroll of immolation {unknown}


   Skills:
 - Level 3.0 Fighting
 * Level 11.4 Maces & Flails
 + Level 7.9 Armour
 - Level 0.7 Dodging
 + Level 7.6 Shields


You had 9 spell levels left.
You knew the following spells:

 Your Spells              Type           Power        Failure   Level  Hunger
a - Apportation           Tloc           #.........   100%        1    N/A


You were on level 11 of the Dungeon.
You worshipped Xom.
You were a very special plaything of Xom.
You were not hungry.

You visited 2 branches of the dungeon, and saw 14 of its levels.

You collected 1309 gold pieces.
You spent 120 gold pieces at shops.

#..# #..# #........... #####..#
#..# #....)......
.......#########..####...........
.................................
.............)...................
.......#####..######..####..####.
....... #..# #..# #..# #.
.......#####..######..####..####.
...............u@................
.................................
#################################

Notes
Turn   | Place    | Note
--------------------------------------------------------------
     0 | D:1      | ololoev the Mummy Chaos Knight began the quest for the Orb.
     0 | D:1      | Reached XP level 1. HP: 18/18 MP: 1/1
   489 | D:1      | XOM: divination: detect items
   685 | D:1      | Reached XP level 2. HP: 22/24 MP: 2/2
   735 | D:1      | XOM: harmless Tloc miscast
   761 | D:1      | XOM: divination: magic mapping
  1154 | D:1      | XOM: divination: detect creatures
  1187 | D:1      | XOM: scenery: 1 doors close
  1555 | D:2      | Reached XP level 3. HP: 29/29 MP: 3/3
  1585 | D:2      | XOM: stat loss: -1 Int (10/11)
  2197 | D:3      | XOM: swap monsters
  2205 | D:3      | Reached XP level 4. HP: 32/35 MP: 4/4
  2316 | D:3      | XOM: potion effect (might)
  2369 | D:3      | Reached skill level 1 in Shields
  2974 | D:4      | Noticed Menkaure
  2981 | D:4      | XOM: enchant monster (good)
  3001 | D:4      | Killed Menkaure
  3001 | D:4      | Reached skill level 4 in Maces & Flails
  3001 | D:4      | Reached XP level 5. HP: 41/41 MP: 5/5
  3114 | D:4      | XOM: silly message
  3128 | D:4      | Noticed Natasha
  3131 | D:4      | XOM: summons 4 friendly demons
  3135 | D:4      | Killed Natasha
  3135 | D:4      | Reached XP level 6. HP: 47/47 MP: 6/6
  3161 | D:4      | Found Xiepasun's Assorted Antiques.
  3167 | D:4      | Bought a dented crystal amulet for 120 gold pieces
  3341 | D:4      | Found a burning altar of Makhleb.
  3346 | D:4      | Found a deep blue altar of Sif Muna.
  3346 | D:4      | Found an opulent altar of Gozag.
  3346 | D:4      | Found an ancient bone altar of Kikubaaqudgha.
  3349 | D:4      | Found a basalt altar of Yredelemnul.
  3412 | D:4      | Found a glowing silver altar of Zin.
  3585 | D:5      | Entered Level 5 of the Dungeon
  3671 | D:5      | XOM: silly message
  3696 | D:5      | XOM: confuse monster(s)
  3792 | D:5      | XOM: colour smoke trail
  3836 | D:5      | You fall through a shaft for 2 floors!
  3845 | D:7      | Reached skill level 5 in Maces & Flails
  3866 | D:7      | Noticed Prince Ribbit
  3872 | D:7      | XOM: butterfly on damage
  3875 | D:7      | XOM: summons friendly iron imp
  3887 | D:7      | Killed Prince Ribbit
  3887 | D:7      | Reached XP level 7. HP: 37/52 MP: 5/7
  4006 | D:7      | Noticed a hungry ghost
  4019 | D:7      | Killed a hungry ghost
  4370 | D:5      | Reached skill level 6 in Maces & Flails
  4453 | D:5      | XOM: harmless Erth miscast
  4475 | D:5      | Noticed Duvessa
  4475 | D:5      | Noticed Dowan
  4481 | D:5      | XOM: summons 2 friendly demons
  4485 | D:5      | XOM: enchant monster (good)
  4490 | D:5      | Killed Dowan
  4498 | D:5      | XOM: silly message
  4500 | D:5      | Killed Duvessa
  4500 | D:5      | Reached XP level 8. HP: 8/58 MP: 1/8
  5058 | D:6      | XOM: cast spell 'Blink'
  5069 | D:6      | HP: 1/58 [orc priest/divine providence (11)]
  5141 | D:6      | XOM: harmless Erth miscast
  5429 | D:6      | XOM: mild Trmt miscast
  5572 | D:6      | Noticed Edmund
  5584 | D:6      | Killed Edmund
  5805 | D:6      | XOM: mild Summ miscast
  5817 | D:6      | Reached skill level 7 in Maces & Flails
  6089 | D:6      | Noticed Pikel
  6147 | D:6      | XOM: cast spell 'Death Channel'
  6152 | D:6      | XOM: divination: magic mapping
  6155 | D:6      | XOM: snakes to sticks
  6169 | D:6      | XOM: mild Erth miscast
  6187 | D:6      | Killed Pikel
  6187 | D:6      | Reached skill level 5 in Armour
  6187 | D:6      | Reached XP level 9. HP: 61/63 MP: 7/9
  6261 | D:6      | Noticed Crazy Yiuf
  6271 | D:6      | Your ally Pikel died
  6276 | D:6      | Killed Crazy Yiuf
  6650 | D:7      | Found a staircase to the Ecumenical Temple.
  6887 | D:7      | XOM: 2-stop teleportation journey
  7000 | D:7      | XOM: severe Chrm miscast
  7000 | D:7      | Paralysed by the severe capriciousness of Xom for 2 turns
  7061 | D:7      | Noticed a spriggan baker
  7063 | D:7      | XOM: confuse monster(s)
  7067 | D:7      | Killed a spriggan baker
  7081 | D:7      | XOM: harmless Air miscast
  7214 | D:8      | XOM: silly message
  7223 | D:8      | Reached skill level 8 in Maces & Flails
  7275 | D:8      | Got a heavily runed chain mail
  7286 | D:8      | Identified the +5 chain mail of Ecay {rPois} (You found it on level 8 of the Dungeon)
  7414 | D:8      | Found a shattered altar of Ashenzari.
  7414 | D:8      | Noticed Erica
  7414 | D:8      | XOM: potion effect (haste)
  7423 | D:8      | Killed Erica
  7423 | D:8      | Reached skill level 5 in Shields
  7585 | D:8      | Found a blossoming altar of Fedhas.
  7588 | D:8      | Found a stormy altar of Qazlal.
  7681 | D:8      | XOM: potion effect (invisibility)
  7686 | D:8      | XOM: divination: magic mapping
  7687 | D:8      | XOM: harmless Summ miscast
  7692 | D:8      | Reached skill level 9 in Maces & Flails
  7694 | D:8      | Noticed Psyche
  7696 | D:8      | XOM: harmless Trmt miscast
  7703 | D:8      | Killed Psyche
  7703 | D:8      | Reached XP level 10. HP: 55/70 MP: 7/10
  7760 | D:8      | XOM: divination: magic mapping
  7995 | D:8      | XOM: harmless Air miscast
  7998 | D:8      | Noticed a centaur warrior
  8011 | D:8      | Killed a centaur warrior
  8164 | D:8      | Found a staircase to the Lair.
  8193 | D:9      | Noticed Goblin1989's ghost (novice GrFi)
  8295 | D:9      | XOM: potion effect (magic)
  8326 | D:8      | XOM: harmless Conj miscast
  8574 | D:9      | XOM: divination: detect creatures
  8635 | D:9      | Found a snail-covered altar of Cheibriados.
  8668 | D:9      | XOM: divination: detect creatures
  8672 | D:9      | XOM: snakes to sticks
  8674 | D:9      | XOM: confuse monster(s)
  8693 | D:9      | XOM: swap monsters
  8696 | D:9      | XOM: divination: detect items
  8703 | D:9      | XOM: swap monsters
  8715 | D:9      | Killed Goblin1989's ghost
  8892 | D:9      | Found a shadowy altar of Dithmenos.
  9010 | D:9      | Found a snail-covered altar of Cheibriados.
  9241 | D:10     | Entered Level 10 of the Dungeon
  9254 | D:9      | XOM: summons 7 friendly demons
  9256 | D:9      | Reached skill level 10 in Maces & Flails
  9280 | D:10     | XOM: polymorph sky beast -> brain worm
  9282 | D:10     | XOM: 9-stop teleportation journey
  9363 | D:10     | XOM: divination: magic mapping
  9371 | D:10     | XOM: fake destruction
  9373 | D:10     | XOM: fog
  9397 | D:10     | XOM: confuse monster(s)
  9463 | D:10     | XOM: summons friendly ufetubus
  9466 | D:10     | XOM: swap monsters
  9527 | D:10     | XOM: polymorph gnoll -> adder
  9530 | D:10     | XOM: silly message
  9594 | D:10     | Learned a level 1 spell: Apportation
  9801 | D:11     | Noticed emiel's ghost (journeyman SpEn)
  9808 | D:11     | XOM: silly message
  9811 | D:11     | XOM: fake destruction
  9813 | D:11     | XOM: confuse monster(s)
  9862 | D:11     | XOM: noise
  9863 | D:11     | XOM: noise
  9889 | D:11     | XOM: enchant monster (bad)
  9891 | D:11     | XOM: summons 10 friendly demons
  9892 | D:11     | Killed emiel's ghost
  9892 | D:11     | Reached XP level 11. HP: 73/75 MP: 11/11
  9917 | D:11     | XOM: colour smoke trail
 10006 | D:11     | Found a staircase to the Orcish Mines.
 10032 | D:11     | XOM: 1-stop teleportation journey
 10059 | D:11     | Noticed an unseen horror
 10065 | D:11     | XOM: summons friendly crimson imp
 10079 | D:11     | Killed an unseen horror
 10203 | D:11     | XOM: mild Necr miscast
 10246 | D:11     | Noticed a hill giant
 10247 | D:11     | XOM: polymorph giant frog -> worker ant
 10256 | D:11     | Killed a hill giant
 10322 | Orc:1    | Entered Level 1 of the Orcish Mines
 10331 | Orc:1    | XOM: cast spell 'Monstrous Menagerie'
 10406 | Orc:1    | XOM: fake destruction
 10414 | Orc:1    | XOM: cast spell 'Conjure Ball Lightning'
 10586 | Orc:1    | Reached skill level 11 in Maces & Flails
 10937 | Orc:2    | XOM: polymorph orc -> goblin
 11047 | Orc:2    | XOM: noise
 11213 | Orc:1    | XOM: colour smoke trail
 11241 | Orc:1    | XOM: god gift: puce potion
 11288 | Orc:1    | XOM: mild Chrm miscast
 11293 | Orc:1    | XOM: god gift: brass wand {god gift}
 11836 | Orc:3    | Found a staircase to the Elven Halls.
 12243 | Orc:3    | XOM: harmless Fire miscast
 12253 | Orc:3    | Noticed Josephine
 12261 | Orc:3    | XOM: potion effect (agility)
 12263 | Orc:3    | XOM: 1-stop teleportation journey
 12411 | D:11     | Found a roughly hewn altar of Beogh.
 12433 | D:11     | XOM: 3-stop teleportation journey
 12512 | D:11     | Noticed a hill giant
 12515 | D:11     | XOM: enchant monster (good)
 12542 | D:11     | XOM: summons friendly crimson imp
 12542 | D:11     | XOM: butterfly on damage
 12545 | D:11     | XOM: butterfly on damage
 12546 | D:11     | XOM: confusion
 12587 | D:11     | XOM: silly message
 12625 | D:10     | XOM: summons 1 hostile demon
 12716 | D:10     | XOM: summons 4 hostile demons
 12930 | D:11     | XOM: confusion (+ monsters)
 13103 | D:11     | Noticed a red ugly thing
 13114 | D:11     | Mangled by a red ugly thing

Dungeon Overview and Level Annotations

Branches:
Dungeon (11/15)            Temple (0/1) D:7            Lair (0/8) D:8
    Orc (3/4) D:11            Elf (0/3) Orc:3

Altars:
Ashenzari
Cheibriados
Dithmenos
Fedhas
Gozag
Kikubaaqudgha
Makhleb
Qazlal
Sif Muna
Yredelemnul
Zin
Beogh

Shops:
D:4 *

Annotations:
Orc:3 Josephine


Message History

a short sword of venom; a ring mail; an orc corpse A troll comes into view.
The troll shouts!
You closely miss the troll. You block the troll's attack.
You block the troll's attack. x2
You thump the troll! You drain the troll!
The troll is moderately wounded.
You block the troll's attack. x3
You hit the troll. You drain the troll!
The troll is heavily wounded.
You block the troll's attack. The troll claws you.
The troll claws you but does no damage.
You closely miss the troll.
The troll is heavily wounded.
The troll bites you but does no damage. The troll claws you but does no damage.
The troll claws you.
You sock the troll! You drain the troll!
The troll is almost dead.
The troll bites you but does no damage. You block the troll's attack.
The troll claws you but does no damage.
You sock the troll!
You kill the troll!
No target in view!
No target in view!
No target in view!
No target in view!
No target in view!
No target in view!
No target in view!
No target in view!
No target in view!
No target in view!
A red ugly thing comes into view.
The red ugly thing gurgles horribly!
The red ugly thing engulfs you.
You are engulfed in flames!!
The fire burns you terribly! The red ugly thing engulfs you!
You are engulfed in flames!!
The fire burns you terribly!
You die...
Xom laughs nastily!

You could see a red ugly thing.

Vanquished Creatures
  Erica (D:8)
  A centaur warrior (D:8)
  An unseen horror (D:11)
  A hill giant (D:11)
  Pikel (D:6)
  The ghost of Goblin1989 the Basher, a novice GrFi (D:9)
  Psyche (D:8)
  3 trolls
  A two-headed ogre (D:8)
  Prince Ribbit (D:7)
  3 wyverns
  5 yaks (D:10)
  A spriggan (D:7)
  A deep elf mage (Orc:3)
  A hippogriff (D:10)
  A hungry ghost (D:7)
  A warg (Orc:1)
  Menkaure (D:4)
  Edmund (D:6)
  A water moccasin (D:10)
  A phantom (D:8)
  Duvessa (D:5)
  10 orc warriors
  3 sky beasts
  A wasp (D:8)
  4 slaves
  3 ogres
  A black bear (D:11)
  An eye of draining (D:11)
  A necrophage (D:8)
  4 centaurs
  2 big kobolds
  A brain worm (D:10)
  A giant frog (D:6)
  3 scorpions
  A water moccasin skeleton (D:8)
  3 jellies
  3 crimson imps
  A quasit (D:8)
  3 hounds
  10 orc priests
  3 giant frog skeletons
  Crazy Yiuf (D:6)
  A centaur skeleton (D:6)
  A giant frog zombie (D:8)
  4 iguanas
  13 orc wizards
  8 worker ants
  A hound zombie (D:11)
  A worker ant zombie (D:6)
  3 gnolls (D:10)
  10 adders
  3 shadow imps
  2 adder skeletons
  5 worms
  2 giant geckos
  126 orcs
  7 bats
  4 giant cockroaches
  7 goblins
  11 hobgoblins
  4 jackals (D:3)
  3 quokkas
  A giant newt (D:5)
  2 jackal zombies (D:6)
  9 kobolds
  5 rats
323 creatures vanquished.

Vanquished Creatures (collateral kills)
  The ghost of emiel the Unseen, a journeyman SpEn of Dithmenos (D:11)
  A yak (D:9)
  An orc warrior (D:11)
  Dowan (D:5)
  2 orc priests
  Natasha (D:4)
  4 orcs
11 creatures vanquished.

Vanquished Creatures (others)
  2 ball lightnings (Orc:1)
2 creatures vanquished.

Grand Total: 336 creatures vanquished

Action                   |  1- 3 |  4- 6 |  7- 9 | 10-12 || total
-------------------------+-------+-------+-------+-------++-------
Melee: Mace              |   235 |   154 |   110 |       ||   499
       Flail             |       |       |   225 |   816 ||  1041
 Fire: Blowgun           |       |    18 |    19 |     3 ||    40
Evoke: Deck              |       |       |       |     9 ||     9
       Wand              |       |       |       |     5 ||     5
  Use: Scroll            |     3 |     3 |       |     7 ||    13
 Stab: Confused          |     2 |     1 |     1 |     3 ||     7
       Petrified         |       |     5 |       |       ||     5
       Invisible         |       |       |     1 |       ||     1

Vault maps used:
D:1:      moated_graveyard_arrival, bh_walls_and_bars
D:3:      minmay_crystal_water
D:4:      minitemple, kennysheep_mini_moat, first_bread, serial_shops,
          nicolae_shop_stone, uniq_menkaure, uniq_natasha
D:5:      uniq_duvessa
D:6:      uniq_crazy_yiuf_cottage, uniq_pikel, uniq_edmund
D:7:      minmay_temple_entry_junction2, the_bakery, uniq_prince_ribbit1
D:8:      grunt_temple_overflow_diamond, lair_0_dummy, uniq_psyche, uniq_erica
D:9:      slow_altar_2, nicolae_overflow_crystal_walls, cheibriados_altar_1
D:11:     david_orc_3, special_room
Orc:3:    nicolae_orc_pool_cavern, uniq_josephine
